 Dungeon Crawl Stone Soup version 0.19-a0-1068-g99dd0f4 (webtiles) character file.

1628 icthegod the Covered (level 8, -5/61 HPs)
             Began as a Demonspawn Fighter on Aug 4, 2016.
             Was an Initiate of Gozag.
             Killed from afar by an electric eel (8 damage)
             ... with a bolt of electricity
             ... on level 10 of the Dungeon.
             The game lasted 01:11:35 (6766 turns).

icthegod the Covered (Demonspawn Fighter)           Turns: 6766, Time: 01:11:41

Health: -5/61      AC: 10    Str: 18    XL:     8   Next: 65%
Magic:  10/10      EV:  6    Int: 14    God:    Gozag
Gold:   892        SH:  9    Dex: 12    Spells: 0 memorised, 7 levels left

rFire  . . .     SeeInvis .     G - +0 long sword
rCold  . . .     Gourm    .     j - -1 chain mail
rNeg   . . .     Faith    .     c - +0 shield
rPois  .         Spirit   .     (helmet restricted)
rElec  .         Dismiss  .     (no cloak)
rCorr  .         Reflect  .     e - +0 pair of gloves
SustAt .         Harm     .     (no boots)
MR     .....                    (no amulet)
Stlth  ..........               A - ring of wizardry
                                L - +3 ring of intelligence

@: drained
A: antennae 2, spiny 1, rot immunity
a: Potion Petition, Call Merchant, Bribe Branch, Renounce Religion


You were on level 10 of the Dungeon.
You worshipped Gozag.
Gozag was pleased with you.
You were not hungry.

You visited 1 branch of the dungeon, and saw 9 of its levels.

You collected 902 gold pieces.
You paid 10 gold pieces to Gozag.

Inventory:

Hand Weapons
 a - a +1 war axe
 k - a +0 club
 m - a +0 club
 n - a cursed -2 club
 o - a +0 hunting sling
 s - a +0 dagger
 t - a +0 flail
 u - a +0 club
 w - a +0 club
 B - a +0 short sword
 F - a +0 dagger
 G - a +0 long sword (weapon)
 H - a +0 dagger
 I - a +0 whip
 K - a +0 quarterstaff
 N - a +0 mace
 O - a cursed -3 mace
 P - a +3 dagger
 Q - a +0 dagger
 W - a +0 rapier
 Y - a +0 short sword
Missiles
 r - 118 arrows
 v - 15 poisoned needles (quivered)
 y - 136 stones
 X - 9 bolts
Armour
 b - a +0 scale mail
 c - a +0 shield (worn)
 d - a +0 chain mail
 e - a +0 pair of gloves (worn)
 f - a cursed +0 robe
 j - a -1 chain mail (worn)
 x - a +0 ring mail
 V - a +0 robe
Jewellery
 A - a ring of wizardry (right hand)
 L - a +3 ring of intelligence (left hand)
Wands
 i - a wand of confusion (0/48)
 E - a wand of disintegration (0/24)
 J - a wand of flame (9/48)
Scrolls
 p - a scroll of recharging
 D - a scroll of enchant weapon
 M - a scroll of identify
 R - a scroll of fog
 S - 2 scrolls of teleportation
 T - a scroll of remove curse
 Z - 2 scrolls of amnesia
Potions
 g - a potion of cure mutation
 q - a potion of magic
 z - a potion of haste
 C - a potion of flight
Books
 U - a book of Clouds

   Spells                             Type                      Level
   a - Mephitic Cloud                 Conjuration/Poison/Air       3
   b - Conjure Flame                  Conjuration/Fire             3
   c - Poisonous Cloud                Conjuration/Poison/Air       6
   d - Freezing Cloud                 Conjuration/Ice/Air          6
   e - Ring of Flames                 Charms/Fire                  7


   Skills:
 + Level 4.5(3.4) Fighting
 + Level 0.1(0.0) Short Blades
 + Level 0.5(0.0) Long Blades
 + Level 2.7(1.7) Axes
 + Level 2.6(1.6) Staves
 + Level 0.1(0.0) Throwing
 + Level 6.6(5.4) Armour
 + Level 3.6(2.6) Dodging
 + Level 2.0(1.0) Stealth
 + Level 4.0(3.0) Shields
 + Level 3.3(2.2) Evocations


You had 7 spell levels left.
You didn't know any spells.

Dungeon Overview and Level Annotations

Branches:
Dungeon (10/15)            Temple (0/1) D:6
   Lair: D:8-11         Orc: D:9-12

Altars:
Gozag
Ru
Sif Muna
Yredelemnul


Innate Abilities, Weirdness & Mutations

You have a pair of antennae on your head.
You are partially covered in sharp spines.
You are immune to rotting.


Message History

h - 2 potions of curing The ice beast barely misses you.
You riposte.
You hit the ice beast but do no damage.
You feel better.
The electric eel shoots out a bolt of lightning at you!
The bolt of electricity hits you!
* * * LOW HITPOINT WARNING * * *
The bolt of electricity hits you!
* * * LOW HITPOINT WARNING * * *
The bolt of electricity hits the electric eel.
The electric eel completely resists.
The ice beast completely misses you.
You riposte.
Your shield and chain mail prevent you from hitting the ice beast.
You feel better.
The electric eel shoots out a bolt of lightning at you!
The bolt of electricity hits you!
* * * LOW HITPOINT WARNING * * *
The bolt of electricity hits you!
You die...
Your body crumbles into a pile of gold.

####....≈≈# {.....<)...
...$....≈≈# .{..$...≈≈.
...)...$≈≈.'##############
..$..!..≈8≈≈≈≈≈≈≈≈≈≈≈≈≈≈≈≈
.>......8≈≈≈≈≈≈≈;≈≈≈≈≈≈≈≈≈
..$..........$............
#####.#####...$.@Y........
...##############


You could see an ice beast and an electric eel.

Vanquished Creatures
  A troll (D:9)
  2 sky beasts
  A necrophage (D:8)
  An orc warrior (D:10)
  An ogre (D:5)
  A crocodile (D:8)
  A big kobold (D:9)
  A giant frog (D:6)
  Blork the orc (D:5)
  2 scorpions
  2 wights (D:10)
  3 crimson imps
  3 hounds
  A centaur skeleton (D:6)
  3 worker ants
  A hound zombie (D:5)
  A hound skeleton (D:6)
  2 howler monkey zombies
  A worker ant zombie (D:6)
  A howler monkey skeleton (D:7)
  3 adders
  A gnoll (D:1)
  3 worms
  2 dart slugs
  7 giant geckos
  3 orcs
  A ball python (D:2)
  7 bats
  8 giant cockroaches
  7 goblins
  12 hobgoblins
  17 jackals
  16 kobolds
  2 quokkas (D:6)
  A giant gecko skeleton (D:5)
  A giant gecko zombie (D:5)
  2 giant newts (D:2)
  10 rats
  3 fungi (D:3)
  8 plants (D:3)
  4 withered plants (D:5)
148 creatures vanquished.

Vanquished Creatures (others)
  A fungus (D:10)
  A plant (D:10)
2 creatures vanquished.

Grand Total: 150 creatures vanquished

Notes
Turn   | Place    | Note
-------+----------+-------------------------------------------
     0 | D:1      | icthegod the Demonspawn Fighter began the quest for the Orb.
     0 | D:1      | Reached XP level 1. HP: 18/18 MP: 1/1
   214 | D:1      | Reached skill level 3 in Armour
   214 | D:1      | Gained mutation: You have a pair of small antennae on your head. [demonic ancestry]
   214 | D:1      | Reached XP level 2. HP: 20/24 MP: 2/2
  1094 | D:2      | Reached XP level 3. HP: 24/29 MP: 3/3
  2017 | D:2      | Found an opulent altar of Gozag.
  2023 | D:2      | Became a worshipper of Gozag Ym Sagoz the Greedy
  2128 | D:2      | Found a sacrificial altar of Ru.
  2220 | D:2      | Gained mutation: You are partially covered in sharp spines. [demonic ancestry]
  2220 | D:2      | Reached XP level 4. HP: 31/35 MP: 4/4
  3078 | D:3      | Found a sacrificial altar of Ru.
  3571 | D:3      | Reached XP level 5. HP: 32/41 MP: 5/5
  3678 | D:3      | You fall through a shaft for 2 floors!
  3678 | D:5      | Entered Level 5 of the Dungeon
  3784 | D:5      | Reached skill level 1 in Dodging
  4129 | D:5      | Found a basalt altar of Yredelemnul.
  4157 | D:5      | Reached skill level 4 in Armour
  4454 | D:5      | Noticed an ogre
  4464 | D:5      | Reached skill level 1 in Stealth
  4469 | D:5      | Killed an ogre
  4469 | D:5      | Reached skill level 1 in Staves
  4469 | D:5      | Reached XP level 6. HP: 47/47 MP: 6/6
  4588 | D:5      | Noticed Blork the orc
  4604 | D:5      | Killed Blork the orc
  4604 | D:5      | Reached skill level 1 in Evocations
  4617 | D:5      | Found a deep blue altar of Sif Muna.
  4871 | D:6      | Gained mutation: You are immune to rotting. [demonic ancestry]
  4871 | D:6      | Reached XP level 7. HP: 49/53 MP: 8/8
  4953 | D:6      | Found a staircase to the Ecumenical Temple.
  5122 | D:6      | Reached skill level 5 in Armour
  6243 | D:9      | Gained mutation: You have a pair of antennae on your head. [demonic ancestry]
  6243 | D:9      | Reached XP level 8. HP: 55/60 MP: 8/10
  6244 | D:9      | Noticed a troll
  6259 | D:9      | Killed a troll
  6259 | D:9      | Reached skill level 6 in Armour
  6738 | D:10     | Entered Level 10 of the Dungeon
  6766 | D:10     | HP: 3/61 [electric eel/bolt of electricity (7)]
  6766 | D:10     | Killed from afar by an electric eel

Vault maps used:
D:1:      dpeg_arrival_line_fractal, minmay_tetromino_t2
D:2:      overflow_temple_1_default, marbit_many_paths, st_stairs_10
D:3:      old_standard_altar, nicolae_ru_the_path_less_chosen
D:5:      tgw_sif, first_bread, yredelemnul_altar_generic
D:6:      gup_sewer_entry_pipe, hangedman_abyss_or_decor_jellyfish_corner
D:7:      grunt_ogre_cave, uniq_crazy_yiuf_cottage, uniq_prince_ribbit1,
          uniq_menkaure
D:8:      grunt_pakellas_basics, basic_altar, serial_shops, shop
D:9:      kennysheep_little_box, okawaru_trees_1
D:10:     grunt_lair_entry_orc_guard_hut, erik_orc_2,
          kennysheep_decorative_pillar, stair_cage_cross, uniq_fannar

Skill      XL: |  1  2  3  4  5  6  7  8 |
---------------+-------------------------+-----
Armour         | 3 4 5 6 |  6.6
Shields        | 3 4 |  4.0
Axes           | 2 |  2.7
Dodging        | 1 2 3 |  3.6
Stealth        | 1 2 |  2.0
Staves         | 1 2 |  2.6
Evocations     | 1 2 3 |  3.3
Fighting       | 4 |  4.5
Short Blades   | |  0.1
Long Blades    | |  0.5
Throwing       | |  0.1

Action                   |  1- 3 |  4- 6 |  7- 9 || total
-------------------------+-------+-------+-------++-------
Melee: War axe           |   135 |    22 |       ||   157
       Dagger            |     9 |       |    35 ||    44
       Whip              |     1 |       |       ||     1
       Quarterstaff      |       |   423 |    24 ||   447
       Long sword        |       |       |    46 ||    46
Throw: Throwing net      |     1 |       |       ||     1
Invok: Potion Petition   |     1 |       |       ||     1
Evoke: Wand              |       |    20 |    15 ||    35
  Use: Potion            |     6 |     1 |     4 ||    11
       Scroll            |     5 |     5 |     6 ||    16
 Stab: Confused          |       |     1 |       ||     1
  Eat: Chunk             |     2 |       |       ||     2
       Bread ration      |     1 |       |     2 ||     3
       Fruit             |       |     3 |       ||     3
       Pizza             |       |     1 |     1 ||     2
       Royal jelly       |       |     1 |       ||     1
       Beef jerky        |       |     1 |       ||     1
Armor: Chain mail        |   126 |    81 |    74 ||   281
       Scale mail        |     3 |       |       ||     3
       Skin              |       |       |    14 ||    14
Dodge: Dodged            |    35 |    47 |    56 ||   138
Block: Shield            |    76 |    12 |    40 ||   128
